 Dungeon Sprint DCSS version 0.30.1-4-g462c640d31 (webtiles) character file.

Game seed: 530804755339870366

582 Heoruswealwe the Grappler (level 7, -17/83 HPs)
             Began as a Troll Berserker on Sept 5, 2023.
             Was a Priest of Trog.
             Shot with an arrow by a centaur warrior (30 damage)
             ... in the Dungeon (Sprint I: "Red Sonja").
             The game lasted 00:03:01 (167 turns).

Heoruswealwe the Grappler (Troll Berserker)          Turns: 167, Time: 00:03:02

Health: -17/83     AC:  4    Str: 28    XL:     7   Next: 14%
Magic:  6/6        EV: 10    Int:  3    God:    Trog [***...]
Gold:   477        SH:  0    Dex:  9    Spells: 6/6 levels left

rFire   . .          .
                       - Unarmed
rCold   . . .        (no shield)
rNeg    . . .        a - +0 animal skin
rPois   .            (helmet restricted)
rElec   .            (no cloak)
rCorr   .            (gloves unavailable)
SInv    .            (boots unavailable)
Will    .....        (no amulet)
Stlth   +            (no ring)
HPRegen 1.13/turn    (no ring)
MPRegen 0.10/turn

%: no teleportation
@: no status effects
A: large, unfitting armour, claws 3, regeneration 1, shaggy fur 1, tough skin 1
a: Renounce Religion, Berserk, Trog's Hand


You were in the Dungeon.
You worshipped Trog.
Trog was most pleased with you.
You visited 1 branch You collected 477 gold pieces.

Inventory:

Armour
 a - a +0 animal skin (worn)
Wands
 h - a wand of digging (3)
Potions
 b - a potion of curing
 d - a potion of haste
 f - a potion of berserk rage


   Skills:
 + Level 9.6 Fighting
 - Level 2.4 Dodging
 + Level 11.3 Unarmed Combat


You had 6 spell levels left.
You didn't know any spells.
Your spell library was empty.

Dungeon Overview and Level Annotations

Branches:
Dungeon (1/1)

Altars:
Cheibriados
Dithmenos
Elyvilon
Fedhas
Gozag
Hepliaklqana
Kikubaaqudgha
Makhleb
Nemelex Xobeh
Okawaru
Qazlal
Ru
Sif Muna
Trog
Uskayaw
Vehumet
Wu Jian
Xom
Yredelemnul
Zin
The Shining One
Jiyva
Lugonu

Shops:
D !


Innate Abilities, Weirdness & Mutations

You are too large for most types of armour.
You have claws for hands.
Your natural rate of healing is unusually fast.
You are covered in fur. (AC +1)
You have tough skin. (AC +1)


Message History

You start resting.
HP restored.
You open the door. 2 centaur warriors come into view.
The centaur warrior moves out of view. x2
There is an open door here.
You enter the shallow water.
Found a tapered lead wand and a scroll labelled MIV IDASHREASI.
You close the door.
Blink to where?
Press: ? - help, Dir - move target
As you read the scroll of blinking, it crumbles to dust.
The centaur warrior shouts! x2
The centaur warrior wields a +0 longbow.
The centaur warrior shoots an arrow.
The arrow hits you! The centaur warrior hits you!
The centaur warrior misses you.
The centaur warrior hits you but does no damage.
The centaur warrior kicks you.
The centaur warrior shoots an arrow.
The arrow hits you!!
You claw the centaur warrior!
The centaur warrior is lightly wounded.
The centaur warrior hits you. The centaur warrior kicks you.
The centaur warrior shoots an arrow.
The arrow hits you!
You closely miss the centaur warrior.
The centaur warrior is lightly wounded.
The centaur warrior hits you. The centaur warrior kicks you.
The centaur warrior shoots an arrow.
The arrow closely misses you.
You scratch the centaur warrior but do no damage.
The centaur warrior is lightly wounded.
The centaur warrior hits you!
* * * LOW HITPOINT WARNING * * *
The centaur warrior kicks you but does no damage.
The centaur warrior shoots an arrow.
The arrow hits you!
* * * LOW HITPOINT WARNING * * *
You feel much better. The centaur warrior hits you.
* * * LOW HITPOINT WARNING * * *
The centaur warrior kicks you.
* * * LOW HITPOINT WARNING * * *
The centaur warrior shoots an arrow.
The arrow hits you!!
You die...

###################
#..)..#..'..#__#..+
!..#..').#..'..'..#
#####'#####'#__####
####..#...#[####§?#
#__####..##.#~~§§c#
#_____##'#_.+~§§§§+
#_.∩..†'..._#~§§@c#
#_..__##_.#'##+####
#_____###+#[#
####### ###


You could see 2 centaur warriors.

Vanquished Creatures
  Sigmund (D)
  A slime creature (D)
  A yak (D)
  An ogre (D)
  A jelly (D)
  Ijyb (D)
6 creatures vanquished.

Notes
Turn   | Place    | Note
-------+----------+-------------------------------------------
     0 | D        | Heoruswealwe the Troll Berserker began the quest for the
                  | Orb.
     0 | D        | Reached XP level 1. HP: 22/22 MP: 0/0
     1 | D        | Noticed Ijyb
     8 | D        | Killed Ijyb
     9 | D        | Reached skill level 5 in Unarmed Combat
     9 | D        | Reached XP level 2. HP: 31/32 MP: 1/1
    33 | D        | Noticed an ogre
    36 | D        | Killed an ogre
    37 | D        | Reached skill level 5 in Fighting
    37 | D        | Reached skill level 7 in Unarmed Combat
    37 | D        | Reached XP level 3. HP: 44/44 MP: 2/2
    37 | D        | Reached XP level 4. HP: 52/52 MP: 3/3
    47 | D        | Noticed Sigmund
    57 | D        | Killed Sigmund
    57 | D        | Reached ** piety under Trog
    58 | D        | Reached skill level 9 in Unarmed Combat
    58 | D        | Reached XP level 5. HP: 51/63 MP: 4/4
    58 | D        | Reached XP level 6. HP: 59/72 MP: 5/5
    70 | D        | Found an ornate altar of the Wu Jian Council.
    70 | D        | Found a shimmering blue altar of Sif Muna.
    72 | D        | Found a radiant altar of Vehumet.
   105 | D        | Found Suxopecopa's Distillery.
   105 | D        | Found an ancient bone altar of Kikubaaqudgha.
   105 | D        | Found a hazy altar of Hepliaklqana.
   105 | D        | Found a stormy altar of Qazlal.
   105 | D        | Found a hide-covered altar of Uskayaw.
   105 | D        | Found a blossoming altar of Fedhas.
   105 | D        | Found a bloodstained altar of Trog.
   105 | D        | Found an iron altar of Okawaru.
   105 | D        | Found a basalt altar of Yredelemnul.
   105 | D        | Found a glowing golden altar of the Shining One.
   105 | D        | Found a snail-covered altar of Cheibriados.
   105 | D        | Found a sacrificial altar of Ru.
   105 | D        | Found a glowing silver altar of Zin.
   105 | D        | Found a shadowy altar of Dithmenos.
   105 | D        | Found a white marble altar of Elyvilon.
   105 | D        | Noticed a yak
   106 | D        | Found an opulent altar of Gozag.
   109 | D        | Killed a yak
   110 | D        | Reached skill level 10 in Unarmed Combat
   110 | D        | Found a sparkling altar of Nemelex Xobeh.
   125 | D        | Found a burning altar of Makhleb.
   125 | D        | Found a viscous altar of Jiyva.
   125 | D        | Found a shimmering altar of Xom.
   125 | D        | Found a corrupted altar of Lugonu.
   125 | D        | Noticed a slime creature
   133 | D        | Killed a slime creature
   133 | D        | Reached *** piety under Trog
   134 | D        | Reached skill level 11 in Unarmed Combat
   134 | D        | Reached XP level 7. HP: 54/83 MP: 6/6
   159 | D        | Noticed a centaur warrior
   159 | D        | Noticed a centaur warrior
   166 | D        | HP: 2/83 [centaur warrior/arrow (15)]
   167 | D        | Shot with an arrow by a centaur warrior

Illustrated notes

Levels and vault maps discovered:
D:        dungeon_sprint_1 [red_sonja_temple_1, red_sonja_temple_small_1]

Skill      XL: |  1  2  3  4  5  6 |
---------------+-------------------+-----
Fighting       | 4 5 7 9 |  9.6
Unarmed Combat | 5 7 9 11 | 11.3
Dodging        | |  2.4

Action                     |  1- 3 |  4- 6 |  7- 9 || total
---------------------------+-------+-------+-------++-------
  Melee: Unarmed           |     8 |    24 |     3 ||    35
         Punch             |       |     1 |       ||     1
  Evoke: Wand              |     1 |       |       ||     1
    Use: Scroll            |       |       |     1 ||     1
         Potion            |       |       |     1 ||     1
 Armour: Animal skin       |     1 |     1 |     2 ||     4
  Dodge: Dodged            |     3 |     6 |     2 ||    11
